 Dungeon Crawl Stone Soup version 0.27.0-1-g7a089689b8 (webtiles) character file.

Game seed: 4463865912349212734

7 Forgeling the Magician (level 1, 16/16 HPs)
             Began as a Mummy Warper on Aug 10, 2021.
             Was a Plaything of Xom.
             Quit the game on level 1 of the Dungeon.
             The game lasted 00:00:29 (735 turns).

Forgeling the Magician (Mummy Warper)                Turns: 735, Time: 00:00:29

Health: 16/16      AC:  3    Str: 14    XL:     1   Next: 91%
Magic:  5/5        EV: 11    Int: 12    God:    Xom [..*...]
Gold:   0          SH:  0    Dex: 11    Spells: 7/7 levels left

rFire    x . .     SeeInvis .   a - +0 short sword
rCold    + . .     Faith    .   (no shield)
rNeg     + + +     Spirit   .   b - +0 leather armour
rPois    ∞         Reflect  .   (no helmet)
rElec    .         Harm     .   (no cloak)
rCorr    .         Rampage  .   (no gloves)
Will     .....                  (no boots)
Stlth    +.........             (no amulet)
HPRegen  0.05/turn              (no ring)
MPRegen  0.09/turn              (no ring)

@: no status effects
A: cold resistance 1, negative energy resistance 3, torment resistance 2, heat
vulnerability 1, no potions
a: Renounce Religion


You were on level 1 of the Dungeon.
You worshipped Xom.
You were a toy of Xom.
You visited 1 branch of the dungeon, and saw 2 of its levels.

Inventory:

Hand Weapons
 a - a +0 short sword (weapon)
Missiles
 c - 21 poisoned darts
 d - 5 boomerangs of dispersal (quivered)
Armour
 b - a +0 leather armour (worn)
 e - a +0 buckler
Scrolls
 f - a scroll of identify {unknown}
 D - a scroll of blinking


   Skills:
 - Level 2.0 Fighting
 - Level 1.5 Short Blades
 - Level 0.7 Throwing
 - Level 0.7 Armour
 - Level 1.5 Dodging
 + Level 3.5 Spellcasting
 - Level 2.4 Translocations


You had 7 spell levels left.
You didn't know any spells.
Your spell library contained the following spells:

 Spells                   Type           Power      Damage    Failure   Level
 Blink                    Tloc           N/A        N/A       17%         2
 Gell's Gravitas          Tloc           3%         N/A       32%         3
 Lesser Beckoning         Tloc           3%         N/A       32%         3
 Teleport Other           Tloc           7%         N/A       32%         3
 Manifold Assault         Tloc           7%         N/A       97%         5


Dungeon Overview and Level Annotations

Branches:
Dungeon (2/15)

Altars:
Xom


Innate Abilities, Weirdness & Mutations

You are immune to poison.
Your flesh is cold resistant. (rC+)
You are immune to negative energy. (rN+++)
You are immune to unholy pain and torment.
You are vulnerable to heat. (rF-)
You do not drink.


Message History

You kill the hobgoblin!
No target in view!
No target in view!
No target in view!
No target in view!
No target in view!
No target in view!
No target in view!
You see here a hobgoblin corpse.
Found a faded altar of an unknown god.
f - a scroll labelled XONILOMYGAG You see here a hobgoblin corpse.
Found a falchion.
There is a stone staircase leading down here.
A bat comes into view.
A bat is nearby!
You hit the bat but do no damage. The bat hits you.
You hit the bat.
The bat is severely wounded.
You barely miss the bat.
The bat is severely wounded.
You hit the bat.
You kill the bat!
No target in view!
No target in view!
No target in view!
No target in view!
No target in view!
Search for what [? for help]? altar Magic restored.
You see here a +0 falchion.
There is a faded altar of an unknown god here.
You cannot tell which god this altar belongs to.
Convert to them anyway?
Xom accepts your prayer! Xom welcomes you!
Xom is fascinated!
Unknown command.
Press < or > to pray at altars.
Are you sure you want to abandon this character and quit the game? (Confirm with "yes".)

##.##♣.♣♣ ##...###.###.###.#
##.#♣♣)P♣ ##.## #.......#.#
#...♣♣..♣ #.# #.........#
##.#♣♣P.♣ #.# #.##..#.###
#.#♣P.♣♣ ##'## #.##.##.#
#.#♣†♣♣ ##...###.##.##.#
#.#♣.♣♣ ##.....##.##.##.###
#.#♣♣.♣ ##.......#.........#
##.#♣♣.♣###.....@...#.#....#.#
..........+.........'........#
##.#...####.........#.#....♣.♣
#.##.## ##.......##.##†.##.#
#.#### ##.....###.##.##♣.♣#♣#
##.##### ##...## #...........#
.......# ##+## ####.##♣#♣#♣#
##.###.# #.# #.# ##...#.# #.#
#.#


There were no monsters in sight!

Vanquished Creatures
  A ball python (D:1)
  3 hobgoblins (D:1)
  A bat (D:1)
  A goblin (D:1)
  A kobold (D:1)
7 creatures vanquished.

Notes
Turn   | Place    | Note
-------+----------+-------------------------------------------
     0 | D:1      | Forgeling the Mummy Warper began the quest for the Orb.
     0 | D:1      | Reached XP level 1. HP: 16/16 MP: 4/4
    72 | D:1      | You fall into a shaft and drop 1 floor!
    90 | D:1      | Reached skill level 3 in Spellcasting
   555 | D:1      | Found a faded altar of an unknown god.
   734 | D:1      | Became a worshipper of Xom of Chaos
   735 | D:1      | Quit the game

Illustrated notes

Levels and vault maps discovered:
D:1:      shiori_arrival_oz, layout_loops_corners, basic_ecumenical_altar,
          serial_forest, infiniplex_forest_straight_2,
          infiniplex_forest_zigzag_1, infiniplex_forest_straight_3,
          infiniplex_forest_lined_corner, infiniplex_forest_lined_room_2,
          infiniplex_forest_straight_3, infiniplex_forest_zigzag_1,
          infiniplex_forest_lined_3, glass_columns_b
D:2:      layout_loops_ring

Skill      XL: |  1 |
---------------+----+-----
Spellcasting   | 3 |  3.5
Fighting       | |  2.0
Short Blades   | |  1.5
Throwing       | |  0.7
Armour         | |  0.7
Dodging        | |  1.5
Translocations | |  2.4

Action                   || total
-------------------------++-------
Melee: Short sword       ||    41
Armor: Leather armour    ||     7
Dodge: Dodged            ||    31
